 Dungeon Crawl Stone Soup version 0.19.1-1-g22dce08 (webtiles) character file.

10019 Megalobster the Cleaver (level 11, -2/104 HPs)
             Began as a Minotaur Berserker on Jan 19, 2017.
             Was a High Priest of Trog.
             Slain by a six-headed hydra (14 damage)
             ... on level 1 of the Lair of Beasts.
             The game lasted 01:05:45 (10212 turns).

Megalobster the Cleaver (Minotaur Berserker)       Turns: 10212, Time: 01:05:47

Health: -2/104     AC:  7    Str: 22    XL:     11   Next: 30%
Magic:  12/12      EV: 12    Int:  4    God:    Trog [*****.]
Gold:   630        SH: 10    Dex: 14    Spells: 0 memorised, 10 levels left

rFire  + . .     SeeInvis .     F - +4 hand axe (vamp)
rCold  + + +     Gourm    .     I - +1 ring mail of Subjectivity {*Contam rF+ rC+++ Dex+3}
rNeg   . . .     Faith    .     X - +0 shield
rPois  .         Spirit   .     (helmet restricted)
rElec  .         Reflect  .     T - +1 cloak {+Inv}
rCorr  +         Harm     .     (no gloves)
MR     .....     Clarity  +     (no boots)
Stlth  ++........               N - amulet of regeneration
                                d - ring of resist corrosion
                                S - ring of stealth

@: no status effects
A: retaliatory headbutt, horns 2, repulsion field 1, blurry vision 1, clarity,
deformed body, weak 1
a: Berserk, Trog's Hand, Brothers in Arms, Burn Spellbooks, Renounce Religion,
Evoke Invisibility


You were on level 1 of the Lair of Beasts.
You worshipped Trog.
Trog was extremely pleased with you.
You were not hungry.

You visited 2 branches of the dungeon, and saw 10 of its levels.
You also visited: Ossuary.

You collected 630 gold pieces.

Inventory:

Hand Weapons
 s - a +4 antimagic battleaxe
 u - a +0 war axe
 F - a +4 vampiric hand axe (weapon)
 Q - a +0 hunting sling
Missiles
 n - 2 javelins of returning
 v - 153 stones (quivered)
 A - 3 steel tomahawks
 B - 14 tomahawks
Armour
 I - the +1 ring mail of Subjectivity (worn) {*Contam rF+ rC+++ Dex+3}
   (You found it on level 8 of the Dungeon)

   It affects your dexterity (+3).
   It protects you from fire.
   It renders you almost immune to cold.
   It causes magical contamination when unequipped.
 M - a +3 ring mail of positive energy
 T - a +1 cloak of invisibility (worn)
 U - a +0 plate armour
 V - a +0 ring mail of poison resistance
 X - a +0 shield (worn)
Jewellery
 d - a ring of resist corrosion (right hand)
 N - an amulet of regeneration (around neck)
 S - a ring of stealth (left hand)
Wands
 k - a wand of disintegration (4/24)
 q - a wand of acid (8/15)
 r - a wand of lightning (0/15)
 J - a wand of lightning (7/15)
Scrolls
 e - 4 scrolls of recharging
 g - 6 scrolls of blinking
 h - a scroll of summoning {unknown}
 i - 5 scrolls of remove curse
 j - a scroll of identify
 C - 5 scrolls of teleportation
 E - 4 scrolls of immolation
 K - 2 scrolls of fear {unknown}
Potions
 a - 2 potions of brilliance {unknown}
 b - 3 potions of lignification
 f - 4 potions of haste
 p - 2 potions of flight {unknown}
 D - a potion of invisibility
 G - 4 potions of resistance
 H - 5 potions of curing
 R - a potion of heal wounds
 Y - a potion of cancellation
Miscellaneous
 m - a disc of storms
Comestibles
 c - 3 bread rations
 o - 7 slices of pizza
 t - 4 meat rations
 w - 3 beef jerkies
 x - 2 fruits
 W - a royal jelly


   Skills:
 * Level 11.7 Fighting
 * Level 14.7 Axes
 + Level 3.0 Throwing
 + Level 5.9 Armour
 - Level 2.1 Dodging
 + Level 4.8 Shields
 + Level 3.8 Evocations


You had 10 spell levels left.
You didn't know any spells.

Dungeon Overview and Level Annotations

Branches:
Dungeon (9/15)             Temple (0/1) D:5            Lair (1/6) D:9
    Orc (0/2) D:9

Altars:
Ashenzari
Cheibriados
Dithmenos
Hepliaklqana
Kikubaaqudgha
Makhleb
Nemelex Xobeh
Qazlal
Ru
Uskayaw
Yredelemnul
Zin


Innate Abilities, Weirdness & Mutations

You reflexively headbutt those who attack you in melee.
You have a pair of horns on your head.
You are surrounded by a mild repulsion field. (EV +2)
Scrolls take you a little longer to read.
You possess an exceptional clarity of mind.
Armour fits poorly on your strangely shaped body.
You are weak. (Str -2)


Message History

The six-headed hydra bites you!
* * * LOW HITPOINT WARNING * * *
The six-headed hydra bites you!
* * * LOW HITPOINT WARNING * * *
A water moccasin comes into view.
You block the six-headed hydra's attack.
The six-headed hydra closely misses you.
The six-headed hydra bites you!
* * * LOW HITPOINT WARNING * * *
You block the six-headed hydra's attack.
The six-headed hydra closely misses you.
You block the six-headed hydra's attack.
The water moccasin hisses angrily.
The six-headed hydra bites you but does no damage.
The six-headed hydra bites you!
* * * LOW HITPOINT WARNING * * *
The six-headed hydra closely misses you.
You block the six-headed hydra's attack. x2
The six-headed hydra bites you!
You die...

..#......#....#.
.........#..........
.........#....#.....
..#......#....#.... .# ...
..#......#....#... .+....
..##.#'###......#+##+.#....
...........................
...........................
............<...@..........
.................D.........
...........................
..#.##P..###......>...S....
..#######.##...##.#+#......
..# .##...#.... #..... ..#
.##...#.....#..... ..#
.##.........+ .... ..#
.##...#....... ...


You could see a six-headed hydra and a water moccasin.

Vanquished Creatures
  A hydra (Lair:1)
  An unseen horror (D:9)
  Pikel (D:5)
  Maurice (D:8)
  A spiny frog (Lair:1)
  A troll (D:9)
  2 hippogriffs
  The ghost of MovingMist the Skirmisher, an amateur GrFi (D:4)
  A wyvern (Lair:1)
  6 yaks (D:9)
  4 hogs (D:9)
  A human (D:9)
  Eustachio (D:6)
  Menkaure (D:5)
  A water moccasin (Lair:1)
  A black bear (D:8)
  An ice beast (D:6)
  5 orc warriors
  A sky beast (D:9)
  A phantom (D:9)
  3 slaves (D:5)
  6 ogres
  3 centaurs
  2 necrophages (D:9)
  A crocodile (Lair:1)
  8 bullfrogs
  An elf zombie (Ossuary)
  A wyvern zombie (D:8)
  3 scorpions
  8 killer bees
  3 wights (D:6)
  A howler monkey (D:5)
  7 crimson imps
  A bullfrog zombie (D:9)
  A quasit (D:8)
  5 orc priests
  A human zombie (Ossuary)
  4 jellies
  A hound (D:4)
  Crazy Yiuf (D:2)
  14 orc wizards
  3 centaur skeletons
  2 hell rats (D:9)
  3 iguanas
  8 worker ants
  Natasha (D:4)
  A killer bee zombie (D:6)
  3 mummies (Ossuary)
  A worker ant zombie (D:7)
  2 howler monkey skeletons
  11 adders
  3 shadow imps
  4 adder zombies
  2 adder skeletons
  A worm (D:2)
  2 dart slugs (D:3)
  3 leopard geckos
  51 orcs
  4 giant cockroaches
  6 goblins
  11 hobgoblins
  3 jackals (D:1)
  3 quokkas
  4 ball pythons
  4 bats
  7 frilled lizards
  A gnoll zombie (Ossuary)
  4 goblin zombies
  A hobgoblin zombie (Ossuary)
  4 kobolds
  2 kobold zombies (Ossuary)
  A leopard gecko zombie (D:5)
  2 quokka zombies
  8 rats
  5 rat zombies (Ossuary)
279 creatures vanquished.

Vanquished Creatures (others)
  3 fungi (Lair:1)
3 creatures vanquished.

Grand Total: 282 creatures vanquished

Notes
Turn   | Place    | Note
-------+----------+-------------------------------------------
     0 | D:1      | Megalobster the Minotaur Berserker began the quest for the Orb.
     0 | D:1      | Reached XP level 1. HP: 19/19 MP: 0/0
   134 | D:1      | Reached skill level 4 in Axes
   412 | D:1      | Reached XP level 2. HP: 26/26 MP: 1/1
  1113 | D:2      | Reached skill level 5 in Axes
  1136 | D:2      | Reached XP level 3. HP: 27/31 MP: 2/2
  1242 | D:2      | Found a burning altar of Makhleb.
  1245 | D:2      | Found a hazy altar of Hepliaklqana.
  1248 | D:2      | Found a shattered altar of Ashenzari.
  1249 | D:2      | Found a basalt altar of Yredelemnul.
  1249 | D:2      | Found a sparkling altar of Nemelex Xobeh.
  1254 | D:2      | Found a sacrificial altar of Ru.
  1256 | D:2      | Found a snail-covered altar of Cheibriados.
  1258 | D:2      | Found a stormy altar of Qazlal.
  1274 | D:2      | Found a shadowy altar of Dithmenos.
  1394 | D:2      | Reached ** piety under Trog
  1525 | D:2      | Found a hide-covered altar of Uskayaw.
  1614 | D:2      | Found a runed door.
  1618 | D:2      | Noticed Crazy Yiuf
  1630 | D:2      | Killed Crazy Yiuf
  1630 | D:2      | Reached skill level 6 in Axes
  1630 | D:2      | Reached XP level 4. HP: 15/39 MP: 3/3
  2073 | D:3      | Reached XP level 5. HP: 34/45 MP: 4/4
  2142 | D:3      | Reached skill level 7 in Axes
  2756 | D:4      | Reached skill level 8 in Axes
  2760 | D:4      | Noticed MovingMist's ghost (amateur GrFi)
  2762 | D:4      | Reached *** piety under Trog
  2762 | D:4      | Reached XP level 6. HP: 51/51 MP: 5/5
  2773 | D:4      | Killed MovingMist's ghost
  2773 | D:4      | Reached skill level 9 in Axes
  3336 | D:4      | Noticed Natasha
  3344 | D:4      | Killed Natasha
  3344 | D:4      | Reached XP level 7. HP: 57/57 MP: 6/6
  3517 | D:4      | Reached skill level 10 in Axes
  3835 | D:5      | Entered Level 5 of the Dungeon
  3928 | D:5      | Noticed Pikel
  3938 | D:5      | Killed Pikel
  3938 | D:5      | Reached skill level 11 in Axes
  3938 | D:5      | Reached XP level 8. HP: 50/71 MP: 7/7
  3960 | D:5      | Found a sand-covered staircase.
  3970 | Ossuary  | Entered an ossuary
  4554 | D:5      | Found a staircase to the Ecumenical Temple.
  4578 | D:5      | Noticed Menkaure
  4592 | D:5      | Killed Menkaure
  4593 | D:5      | Reached **** piety under Trog
  4787 | D:5      | Reached skill level 12 in Axes
  4956 | D:5      | Reached XP level 9. HP: 81/81 MP: 8/8
  5124 | D:5      | Found a faded altar of an unknown god.
  5124 | D:5      | Found a faded altar of an unknown god.
  5132 | D:5      | Found a glowing silver altar of Zin.
  5134 | D:5      | Found a faded altar of an unknown god.
  5135 | D:5      | Found a faded altar of an unknown god.
  5141 | D:5      | You fall through a shaft!
  5978 | D:6      | Noticed Eustachio
  5989 | D:6      | Killed Eustachio
  6792 | D:6      | Reached skill level 13 in Axes
  7056 | D:6      | Gained mutation: You possess an exceptional clarity of mind. [potion of beneficial mutation]
  7185 | D:7      | Reached skill level 1 in Shields
  7187 | D:7      | Reached skill level 1 in Evocations
  7188 | D:7      | Reached skill level 10 in Fighting
  7458 | D:7      | Found an ancient bone altar of Kikubaaqudgha.
  7462 | D:7      | Found a shadowy altar of Dithmenos.
  8124 | D:8      | Reached XP level 10. HP: 93/93 MP: 10/10
  8172 | D:8      | Noticed Maurice
  8184 | D:8      | Killed Maurice
  8299 | D:8      | Got a transparent ring mail
  8332 | D:8      | Identified the cursed +1 ring mail of Subjectivity {*Contam rF+ rC+++ Dex+3} (You found it on level 8 of the Dungeon)
  8628 | D:9      | Found a staircase to the Lair.
  8670 | D:9      | Received a gift from Trog
  8803 | D:9      | Found a staircase to the Orcish Mines.
  8837 | D:9      | Reached ***** piety under Trog
  8907 | D:9      | Received a gift from Trog
  9159 | D:9      | Reached skill level 14 in Axes
  9159 | D:9      | Reached skill level 1 in Throwing
  9171 | D:9      | Reached skill level 5 in Armour
  9177 | D:9      | Killed an unseen horror
  9331 | D:9      | Reached XP level 11. HP: 101/102 MP: 12/12
  9456 | D:9      | Received a gift from Trog
  9484 | D:9      | Gained mutation: Scrolls take you a little longer to read. [mutagenic meat]
  9485 | D:9      | Gained mutation: You are surrounded by a mild repulsion field. (EV +2) [mutagenic meat]
  9486 | D:9      | Gained mutation: You are weak. (Str -2) [mutagenic meat]
  9487 | D:9      | Gained mutation: Armour fits poorly on your strangely shaped body. [mutagenic meat]
  9846 | Lair:1   | Entered Level 1 of the Lair of Beasts
  9917 | Lair:1   | Noticed a five-headed hydra
  9928 | Lair:1   | Killed a six-headed hydra
 10164 | Lair:1   | Noticed a six-headed hydra
 10212 | Lair:1   | Slain by a six-headed hydra

Skill      XL: |  1  2  3  4  5  6  7  8  9 10 11 |
---------------+----------------------------------+-----
Axes           | 4 5 6 8 9 11 12 13 14 | 14.7
Fighting       | 6 8 10 11 | 11.7
Armour         | 4 5 |  5.9
Shields        | 1 4 |  4.8
Evocations     | 1 3 |  3.8
Throwing       | 2 3 |  3.0
Dodging        | |  2.1

Action                   |  1- 3 |  4- 6 |  7- 9 | 10-12 || total
-------------------------+-------+-------+-------+-------++-------
Melee: Hand axe          |    76 |       |   206 |   300 ||   582
       Headbutt          |    10 |    19 |    78 |    72 ||   179
       War axe           |     8 |    89 |   115 |       ||   212
       Glaive            |       |       |       |     1 ||     1
Throw: Stone             |       |     4 |    31 |     4 ||    39
Invok: Berserk           |       |     4 |     7 |     3 ||    14
       Burn Spellbooks   |       |       |     1 |       ||     1
 Abil: Evoke Invisibilit |       |       |       |     1 ||     1
Evoke: Wand              |       |       |       |    11 ||    11
       Disc of storms    |       |       |       |     1 ||     1
  Use: Scroll            |       |       |    18 |     3 ||    21
       Potion            |       |       |     4 |     3 ||     7
 Stab: Sleeping          |     2 |       |     1 |     2 ||     5
       Invisible         |       |       |       |     3 ||     3
  Eat: Chunk             |     2 |     7 |     5 |    14 ||    28
       Beef jerky        |       |     1 |     1 |       ||     2
       Bread ration      |       |       |     3 |       ||     3
       Meat ration       |       |       |     1 |     1 ||     2
       Fruit             |       |       |     1 |       ||     1
       Pizza             |       |       |     1 |       ||     1
Armor: Animal skin       |     6 |       |       |       ||     6
       Ring mail         |    12 |    30 |    83 |    66 ||   191
Dodge: Dodged            |    41 |    33 |   105 |    90 ||   269
Block: Shield            |       |       |    46 |   104 ||   150
